 Dungeon Crawl Stone Soup version 0.28.0-45-g0d030f2227 (webtiles) character file.

Game seed: 13619687821512797110

22 Cubic the Skirmisher (level 2, -1/27 HPs)
             Began as a Draconian Berserker on Apr 21, 2022.
             Was a Follower of Trog.
             Slain by a worm (5 damage)
             ... on level 1 of the Dungeon.
             The game lasted 00:05:36 (450 turns).

Cubic the Skirmisher (Draconian Berserker)           Turns: 450, Time: 00:05:37

Health: -1/27      AC:  4    Str: 19    XL:     2   Next: 68%
Magic:  2/2        EV: 12    Int: 13    God:    Trog [*.....]
Gold:   16         SH:  0    Dex: 10    Spells: 1/1 levels left

rFire   . . .      SeeInvis .   a - +0 mace
rCold   . . .      Faith    .   (no shield)
rNeg    . . .      Spirit   .   (armour unavailable)
rPois   .          Reflect  .   (helmet restricted)
rElec   .          Harm     .   (no cloak)
rCorr   .          Rampage  .   (no gloves)
Will    .....                   (no boots)
Stlth   +.........              (no amulet)
HPRegen 0.09/turn               c - +6 ring of intelligence
MPRegen 0.08/turn               (no ring)

@: no status effects
A: AC +4, unfitting armour, cold-blooded
a: Renounce Religion, Berserk


You were on level 1 of the Dungeon.
You worshipped Trog.
Trog was aware of your devotion.
You visited 1 branch of the dungeon, and saw 1 of its levels.

You collected 16 gold pieces.

Inventory:

Hand Weapons
 a - a +0 mace (weapon)
Missiles
 e - 25 arrows
Armour
 d - a +0 chain mail
Jewellery
 c - a +6 ring of intelligence (left hand)
   (You found it on level 1 of the Dungeon)
Scrolls
 b - a scroll of enchant weapon {unknown}
Potions
 g - a potion of lignification {unknown}


   Skills:
 + Level 3.7 Fighting
 * Level 3.4 Maces & Flails
 - Level 3.0 Dodging


You had one spell level left.
You didn't know any spells.
Your spell library was empty.

Dungeon Overview and Level Annotations

Branches:
Dungeon (1/15)

Altars:


Innate Abilities, Weirdness & Mutations

Your plain brown scales are hard. (AC +4)
You cannot fit into any form of body armour.
You are cold-blooded and may be slowed by cold attacks.


Message History

A jackal comes into view.
The jackal closely misses you. The jackal misses you.
You hit the jackal.
You kill the jackal!
Trog accepts your kill. The jackal barely misses you.
You closely miss the jackal. The jackal barely misses you.
The jackal bites you.
You closely miss the jackal. The jackal closely misses you.
You barely miss the jackal.
The jackal bites you but does no damage. x2
You hit the jackal but do no damage. You tail-slap the jackal.
The jackal is almost dead.
The jackal bites you but does no damage.
The jackal bites you.
You hit the jackal.
You kill the jackal!
Trog accepts your kill.
Your Dodging skill increases to level 3!
You hit the jackal.
The jackal is severely wounded.
The jackal bites you. The jackal completely misses you.
You sock the jackal!
You kill the jackal!
Trog accepts your kill.
The jackal bites you but does no damage.
You closely miss the jackal. The jackal barely misses you.
The jackal bites you.
You barely miss the jackal.
Your tail-slap misses the jackal.
The jackal bites you but does no damage. x2
You closely miss the jackal. The jackal bites you.
Setting a skill training target for Maces & Flails at 14.0.
You barely miss the jackal. You tail-slap the jackal.
You kill the jackal!
Trog accepts your kill.
You closely miss the jackal.
Your tail-slap misses the jackal.
The jackal misses you. The jackal closely misses you.
You closely miss the jackal.
The jackal bites you but does no damage.
The jackal barely misses you.
You barely miss the jackal.
The jackal bites you but does no damage.
The jackal barely misses you.
You hit the jackal.
The jackal is heavily wounded.
The jackal barely misses you.
You hit the jackal.
You kill the jackal!
Trog accepts your kill.
You start resting.
HP restored.
Items here: ††††.
Found 25 arrows.
e - 25 arrows
Found a robe.
Found a metallic sapphire potion.
A kobold comes into view. It is wielding a +0 club.
The kobold closely misses you.
You hit the kobold.
You kill the kobold!
Trog accepts your kill.
f - a stone You see here a +0 club.
g - a metallic sapphire potion A goblin comes into view.
It is wielding a +0 club.
The goblin shouts!
Throw: stone
Press: ? - help, Q - select action Shift-Dir - straight line, f - goblin
Aim: a goblin, wielding a +0 club (47% to hit)
You throw a stone.
The stone hits the goblin but does no damage.
You closely miss the goblin. The goblin closely misses you.
You hit the goblin.
You kill the goblin!
Trog accepts your kill. The worm bites you!
Things that are here:
a +0 club; a goblin corpse You are too injured to fight recklessly!
You are too injured to fight recklessly!
You are too injured to fight recklessly!
You are too injured to fight recklessly!
You are too injured to fight recklessly!
You are too injured to fight recklessly!
You are too injured to fight recklessly!
You are too injured to fight recklessly!
The worm bites you.
Things that are here:
a +0 club; a goblin corpse You hit the worm but do no damage.
The worm barely misses you.
You hit the worm.
The worm is moderately wounded.
You barely miss the worm.
The worm is moderately wounded.
The worm bites you!
* * * LOW HITPOINT WARNING * * *
You completely miss the worm.
The worm is moderately wounded.
The worm bites you.
You die...

###≈.#####.#.#
#.###.#.#.##.#
#...#.#.#.#.#
##.####.#.#.#
####.#.##.##.#
#####..#.#...###.#
..#...#.#..##....#
##.####.##..§###.#
.≈##...###...≈##@#
.#..### #..##w#
#..## ##.... ####
##... ## ..... .#
##..#. .# ..#.# .#
..# # .#


You could see a worm.

Vanquished Creatures
  2 ball pythons (D:1)
  An endoplasm (D:1)
  3 goblins (D:1)
  A hobgoblin (D:1)
  7 jackals (D:1)
  2 kobolds (D:1)
  A rat (D:1)
17 creatures vanquished.

Notes
Turn   | Place    | Note
-------+----------+-------------------------------------------
     0 | D:1      | Cubic the Draconian Berserker began the quest for the Orb.
     0 | D:1      | Reached XP level 1. HP: 19/19 MP: 1/1
   117 | D:1      | Reached XP level 2. HP: 26/26 MP: 2/2
   189 | D:1      | Reached skill level 3 in Dodging
   450 | D:1      | Slain by a worm

Illustrated notes

Levels and vault maps discovered:
D:1:      dpeg_arrival_brainrot, layout_basic,
          amcnicky_mini_rare_corridor_liquid,
          nicolae_concentric_dashed_squares_wild

Skill      XL: |  1  2 |
---------------+-------+-----
Dodging        | 3 |  3.0
Fighting       | |  3.7
Maces & Flails | |  3.4

Action                   || total
-------------------------++-------
Melee: Mace              ||    51
       Tailslap          ||     2
Throw: Stone             ||     1
Invok: Berserk           ||     1
Armor: Skin              ||    17
Dodge: Dodged            ||    30

Table legend: (Time is in decaauts)
 A = Elapsed time spent in this place.
 B = Non-inter-level travel time spent in this place.
 C = Inter-level travel time spent in this place.
 D = Time resting spent in this place.
 E = Time spent auto-exploring this place.
 F = Levels seen in this place.
 G = Mean time per level.
                   A        B        C        D        E       F      G
               +--------+--------+--------+--------+--------+-----+--------+
         Total |    470 |    470 |      0 |    171 |    137 |   1 |  470.0 |
       Dungeon |    470 |    470 |      0 |    171 |    137 |   1 |  470.0 |
               +--------+--------+--------+--------+--------+-----+--------+

Top non-repeatable levels by time:
     D:1: 470 daAuts

Table legend:
 A = Kills in this place as a percentage of kills in entire the game.
 B = Kills by you in this place as a percentage of kills by you in the entire game.
 C = Kills by friends in this place as a percentage of kills by friends in the entire game.
 D = Other kills in this place as a percentage of other kills in the entire game.
 E = Experience gained in this place as a percentage of experience gained in the entire game.
 F = Experience gained in this place divided by the number of levels of this place that you have seen.
                   A       B       C       D       E      F
               +-------+-------+-------+-------+-------+----------------------
         Total | 100.0 | 100.0 |   N/A |   N/A | 100.0 |  32.0
       Dungeon | 100.0 | 100.0 |   N/A |   N/A | 100.0 |  32.0
               +-------+-------+-------+-------+-------+----------------------
